[Event "Titled Tuesday Blitz November 22 Early 2022"]
[White "Sadubayev, Airat"]
[Black "Muminova, Nafisa"]
[WhiteFideId "13713264"]
[BlackFideId "14201526"]
[WhiteElo "2160"]
[BlackElo "2258"]
[Result "0-1"]
[Round "09"]
[TimeControl "180+1"]
[Date "2022.11.23"]
[WhiteClock "0:00:04"]
[BlackClock "0:00:03"]

1. d4 Nf6 2. c4 e6 3. Nf3 b6 4. a3 Bb7 5. Nc3 Be7 6. d5 O-O 7. e4 exd5 8. cxd5 d6 9. Bd3 Nbd7 10. O-O Nc5 11. Bc2 a5 12. Nd4 Re8 13. Nf5 Bf8 14. Re1 Nfd7 15. Bf4 Qf6 16. Qg4 Ne5 17. Qg3 Ba6 18. Red1 Qg6 19. Qh3 Bc8 20. b4 axb4 21. axb4 Rxa1 22. Rxa1 Ncd7 23. Nb5 Nf6 24. Nxc7 Rd8 25. Ra8 Nh5 26. Bg3 Ng4 27. Nh4 Qg5 28. f4 Nxf4 29. Bxf4 Qxf4 30. Qf3 Qc1+ 31. Qd1 Qe3+ 32. Kh1 Nf2+ 33. Kg1 Nxd1+ 34. Kf1 Qf2# 0-1


[Site "https://www.chess.com"]

[Event "Titled Tuesday Blitz November 22 Early 2022"]
[White "Safin, Robert"]
[Black "Narayanan, Srinath"]
[WhiteFideId "34189120"]
[BlackFideId "5018420"]
[WhiteElo "2253"]
[BlackElo "2459"]
[Result "0-1"]
[Round "09"]
[TimeControl "180+1"]
[Date "2022.11.23"]
[WhiteClock "0:00:10"]
[BlackClock "0:00:47"]

1. e4 c6 2. d4 d5 3. exd5 cxd5 4. c4 Nf6 5. Nc3 Nc6 6. Bg5 e6 7. Nf3 Be7 8. a3 O-O 9. Bd3 dxc4 10. Bxc4 b6 11. O-O Bb7 12. Ba2 Rc8 13. Re1 h6 14. Bh4 Na5 15. Ne5 Nd5 16. Bxd5 Bxh4 17. Bxb7 Nxb7 18. d5 exd5 19. Nxd5 Rc5 20. Nd7 Rb5 21. a4 Rxb2 22. g3 Bg5 23. f4 Qxd7 24. Nf6+ Bxf6 25. Qxd7 Nc5 26. Qc6 Bd4+ 27. Kh1 Nd3 28. Re8 Nf2+ 29. Kg2 Ng4+ 30. Kh3 Rxh2+ 31. Kxg4 f5+ 0-1


[Site "https://www.chess.com"]

[Event "Titled Tuesday Blitz November 22 Early 2022"]
[White "Salinas Herrera, Pablo"]
[Black "Wagner, Dennis"]
[WhiteFideId "3407128"]
[BlackFideId "24650684"]
[WhiteElo "2557"]
[BlackElo "2470"]
[Result "1-0"]
[Round "09"]
[TimeControl "180+1"]
[Date "2022.11.22"]
[WhiteClock "0:00:10"]
[BlackClock "0:00:02"]

1. e4 e5 2. Nf3 Nc6 3. Bc4 Bc5 4. c3 Nf6 5. d4 exd4 6. cxd4 Bb4+ 7. Nc3 Nxe4 8. O-O Bxc3 9. d5 Bf6 10. Re1 Ne7 11. Rxe4 d6 12. g4 O-O 13. g5 Be5 14. Nxe5 Bf5 15. Re1 dxe5 16. Rxe5 Qd7 17. Qf3 Ng6 18. Re1 Rae8 19. Bd2 Ne5 20. Qf4 Nxc4 21. Qxc4 Rd8 22. Re5 Rfe8 23. Rae1 Rxe5 24. Rxe5 Bg6 25. Bc3 c6 26. dxc6 bxc6 27. Re3 Qd1+ 28. Kg2 Bd3 29. Qf4 Qf1+ 30. Kg3 Be2 31. Kh4 Bd1 32. Re1 Qd3 33. Qe5 f6 34. gxf6 Qf3 35. Qe6+ Kf8 36. Qe7+ Kg8 37. Qxg7# 1-0


[Site "https://www.chess.com"]

[Event "Titled Tuesday Blitz November 22 Early 2022"]
[White "Sanchez, Robert"]
[Black "Krzywda, Andrzej"]
[WhiteFideId "2034360"]
[BlackFideId "1114565"]
[WhiteElo "2314"]
[BlackElo "2149"]
[Result "0-1"]
[Round "09"]
[TimeControl "180+1"]
[Date "2022.11.23"]
[WhiteClock "0:00:10"]
[BlackClock "0:00:31"]

1. e4 c5 2. Nf3 d6 3. d4 cxd4 4. Nxd4 Nf6 5. Nc3 g6 6. Be3 Nc6 7. f3 h5 8. Qd2 Nxd4 9. Bxd4 Bh6 10. Be3 Bxe3 11. Qxe3 Be6 12. Bb5+ Kf8 13. O-O-O Qa5 14. Rhe1 Rc8 15. e5 dxe5 16. Qxe5 h4 17. Bf1 Qxe5 18. Rxe5 Kg7 19. Ne4 Nxe4 20. Rxe4 Rh5 21. b3 Rhc5 22. Rd2 h3 23. g4 Rc3 24. Bd3 b5 25. Kb2 a5 26. a3 R3c5 27. Rde2 Rb8 28. Re5 Rxe5 29. Rxe5 Bd7 30. Rxe7 Bc6 31. Be4 Be8 32. g5 Kf8 33. Rb7 Rd8 34. Bd3 Bc6 35. Rb6 Bxf3 36. Rxb5 Ra8 37. Re5 Bc6 38. Rc5 Bd7 39. Rc7 Be6 40. Bc4 Re8 41. Bxe6 Rxe6 42. b4 axb4 43. axb4 Re2 44. b5 Re5 45. c4 Re2+ 46. Kb3 Rxh2 47. b6 Rh1 48. b7 Rb1+ 49. Kc3 h2 0-1


[Site "https://www.chess.com"]

[Event "Titled Tuesday Blitz November 22 Early 2022"]
[White "Saravana, Krishnan P."]
[Black "Rosenberg, Evan S"]
[WhiteFideId "5018382"]
[BlackFideId "2019299"]
[WhiteElo "2155"]
[BlackElo "2374"]
[Result "0-1"]
[Round "09"]
[TimeControl "180+1"]
[Date "2022.11.23"]
[WhiteClock "0:00:12"]
[BlackClock "0:00:39"]

1. d4 d5 2. Nf3 Bf5 3. c4 e6 4. Qb3 Nc6 5. Bd2 dxc4 6. Qxc4 Nf6 7. e3 Be7 8. Nc3 O-O 9. Be2 a6 10. Qb3 b5 11. O-O h6 12. Rac1 Na5 13. Qd1 Nc4 14. Bxc4 bxc4 15. Ne5 c5 16. Qe2 cxd4 17. exd4 Qxd4 18. Nc6 Qc5 19. Nxe7+ Qxe7 20. Qxc4 Rfd8 21. Be3 Bd3 22. Qa4 Bxf1 23. Rxf1 Nd5 24. Bd4 Qb4 25. Qd1 e5 26. Qf3 Qxd4 27. Rd1 Qf4 28. Nxd5 Qxf3 29. gxf3 Kf8 30. Kf1 Rac8 31. b3 Rc5 32. Ne3 Rxd1+ 33. Nxd1 Rc1 34. a4 Rxd1+ 35. Ke2 Rb1 0-1


[Site "https://www.chess.com"]

[Event "Titled Tuesday Blitz November 22 Early 2022"]
[White "Savic, Miroslav"]
[Black "Ansh M Shah"]
[WhiteFideId "14508494"]
[BlackFideId "25033379"]
[WhiteElo "2209"]
[BlackElo "2084"]
[Result "0-1"]
[Round "09"]
[TimeControl "180+1"]
[Date "2022.11.23"]
[WhiteClock "0:00:29"]
[BlackClock "0:00:52"]

1. Nf3 Nf6 2. c4 e6 3. Nc3 d5 4. d4 Be7 5. Bg5 O-O 6. e3 c6 7. Qb3 Nbd7 8. O-O-O dxc4 9. Bxc4 b5 10. Bd3 a5 11. Ne4 a4 12. Qc2 Ba6 13. Nxf6+ Nxf6 14. Bxf6 Bxf6 15. Bxh7+ Kh8 16. Be4 b4 17. h4 Qb6 18. Ng5 b3 19. axb3 axb3 20. Qc3 Bb5 21. Kd2 c5 22. Bxa8 cxd4 23. exd4 Bxd4 24. Qf3 Qa5+ 25. Kc1 Qa1+ 26. Kd2 Qxb2+ 27. Ke1 Bc3+ 28. Qxc3 Qxc3+ 29. Rd2 Rxa8 30. Nxf7+ Kg8 0-1


[Site "https://www.chess.com"]

[Event "Titled Tuesday Blitz November 22 Early 2022"]
[White "Seo, Jung Min"]
[Black "Shimanov, Aleksandr"]
[WhiteFideId "1734687"]
[BlackFideId "4198603"]
[WhiteElo "2455"]
[BlackElo "2605"]
[Result "1-0"]
[Round "09"]
[TimeControl "180+1"]
[Date "2022.11.22"]
[WhiteClock "0:00:07"]
[BlackClock "0:00:02"]

1. d4 Nf6 2. c4 g6 3. g3 Bg7 4. Bg2 O-O 5. Nf3 d6 6. O-O Nc6 7. Nc3 e5 8. dxe5 dxe5 9. Qxd8 Rxd8 10. Bg5 h6 11. Bxf6 Bxf6 12. Nd5 Kg7 13. Nxc7 Rb8 14. e4 g5 15. Nd5 Be6 16. Rfd1 g4 17. Nd2 h5 18. Nb3 b6 19. Rac1 Bg5 20. Ra1 h4 21. a4 a5 22. Bf1 Rh8 23. Nc7 Bc8 24. Rd6 Nb4 25. Nd5 Nxd5 26. Rxd5 hxg3 27. hxg3 Be6 28. Rxe5 Bf6 29. Rb5 Bd7 30. Rd5 Bc6 31. Rd6 Bxe4 32. Bg2 Bg6 33. c5 bxc5 34. Nxc5 Rxb2 35. Rf1 Rb4 36. Ra6 Bd4 37. Ne4 Rxa4 38. Nd6 Ra2 39. Be4 Rh6 40. Bxg6 fxg6 41. Nc4 Rh5 42. Rd6 Bc5 43. Rd7+ Kh6 44. Rc7 Rf5 45. Ne3 Rfxf2 46. Rxc5 Rf3 47. Nxg4+ 1-0


[Site "https://www.chess.com"]

[Event "Titled Tuesday Blitz November 22 Early 2022"]
[White "Shuvalova, Polina"]
[Black "Rakhmanov, Aleksandr"]
[WhiteFideId "24171760"]
[BlackFideId "4173708"]
[WhiteElo "2342"]
[BlackElo "2530"]
[Result "1-0"]
[Round "09"]
[TimeControl "180+1"]
[Date "2022.11.23"]
[WhiteClock "0:00:20"]
[BlackClock "0:00:01"]

1. d4 d5 2. Nf3 e6 3. Bf4 Bd6 4. e3 Ne7 5. Bxd6 cxd6 6. c4 dxc4 7. Bxc4 d5 8. Bd3 Nbc6 9. Nc3 a6 10. Rc1 Qd6 11. O-O O-O 12. Na4 Bd7 13. a3 f6 14. Nc5 Rab8 15. b4 Be8 16. h3 Bh5 17. Be2 Rfc8 18. Qd2 Na7 19. a4 Nac6 20. Rb1 Bf7 21. Rfc1 Qd8 22. Ne1 a5 23. Ned3 axb4 24. Nxb4 Nxb4 25. Rxb4 b6 26. Na6 Rb7 27. Rcb1 Nc6 28. Rb5 Ra8 29. Nc5 Rbb8 30. Nd3 Rxa4 31. Qc2 Rc4 32. Qb2 Bg6 33. Rxb6 Rxb6 34. Qxb6 Qxb6 35. Rxb6 Bxd3 36. Bxd3 Rc1+ 37. Kh2 Kf7 38. Bxh7 f5 39. Rb7+ Ne7 40. Bg6+ Kf6 41. Be8 g5 42. g3 Rb1 43. Rxb1 1-0


[Site "https://www.chess.com"]

[Event "Titled Tuesday Blitz November 22 Early 2022"]
[White "Storey, Charles H"]
[Black "D`Arruda, Ricardo D."]
[WhiteFideId "406686"]
[BlackFideId "100692"]
[WhiteElo "2252"]
[BlackElo "2521"]
[Result "1-0"]
[Round "09"]
[TimeControl "180+1"]
[Date "2022.11.23"]
[WhiteClock "0:00:08"]
[BlackClock "0:00:38"]

1. c4 Nf6 2. g3 e5 3. Bg2 Nc6 4. Nc3 Be7 5. e3 O-O 6. Nge2 d6 7. d4 exd4 8. exd4 Bf5 9. h3 Re8 10. O-O Bf8 11. g4 Bg6 12. Ng3 Nb4 13. f4 Bc2 14. Qd2 Bd3 15. Rf2 Bxc4 16. b3 Bd5 17. Nxd5 Nfxd5 18. a3 Re3 19. Nf5 Rd3 20. Qe1 Nc3 21. axb4 Rd1 22. Bb2 Rxe1+ 23. Rxe1 Nb5 24. Bxb7 Rb8 25. Bc6 Qf6 26. d5 Qg6 27. Bxb5 Rxb5 28. Re8 f6 29. Ne7+ Kf7 30. Nxg6 Kxe8 31. Nxf8 Kxf8 32. Rd2 Rxb4 33. Rc2 Rxb3 34. Kg2 Ke8 35. Bd4 Kd7 36. Bxa7 Rd3 37. Bb8 Rxd5 38. Rxc7+ Kd8 39. Rxg7 Rd2+ 40. Kg3 Rd3+ 41. Kh4 d5 42. Rxh7 d4 43. g5 fxg5+ 44. fxg5 Rb3 45. Bf4 d3 46. Rh6 Rb4 47. Kg3 Rd4 48. Bd2 1-0


[Site "https://www.chess.com"]

[Event "Titled Tuesday Blitz November 22 Early 2022"]
[White "Stribuk, Artiom"]
[Black "Barria Zuniga, Daniel"]
[WhiteFideId "13515659"]
[BlackFideId "3400816"]
[WhiteElo "2371"]
[BlackElo "2414"]
[Result "1/2-1/2"]
[Round "09"]
[TimeControl "180+1"]
[Date "2022.11.23"]
[WhiteClock "0:00:04"]
[BlackClock "0:00:05"]

1. d4 Nf6 2. c4 e6 3. g3 d5 4. Bg2 Be7 5. Nf3 O-O 6. O-O dxc4 7. Na3 Bxa3 8. bxa3 Nc6 9. a4 Qe7 10. Bf4 Rd8 11. Rc1 e5 12. Bxe5 Bg4 13. Bxf6 Qxf6 14. e3 Na5 15. Qe1 Bxf3 16. Qxa5 Bxg2 17. Kxg2 Qc6+ 18. Kg1 a6 19. Rb1 Rd5 20. Qb4 b5 21. axb5 axb5 22. a4 bxa4 23. Rfc1 h5 24. Rxc4 Qd7 25. Qb7 Qd8 26. Rxc7 a3 27. Rxf7 Rg5 28. Ra1 a2 29. Qb3 Qd5 30. Qxd5 Rxd5 31. Rc7 Rb5 32. Rcc1 Rb2 33. Kg2 g5 34. h3 g4 35. hxg4 hxg4 36. Rh1 Ra3 37. Rh4 Rb1 38. Rxg4+ Kf7 39. Rf4+ Ke6 40. Rxa2 Rxa2 41. g4 Rbb2 42. Kg3 Ke7 43. Rf5 Rb6 44. f4 Re6 45. Re5 Rxe5 46. dxe5 Ke6 47. Kf3 Kd5 48. g5 Ke6 49. e4 Ra3+ 50. Kg4 Re3 51. g6 Rxe4 52. Kg5 Re1 53. f5+ Kxe5 54. g7 Rg1+ 55. Kh6 Rxg7 56. Kxg7 Kxf5 1/2-1/2


[Site "https://www.chess.com"]

[Event "Titled Tuesday Blitz November 22 Early 2022"]
[White "Svane, Rasmus"]
[Black "Kamsky, Gata"]
[WhiteFideId "4657101"]
[BlackFideId "2000024"]
[WhiteElo "2674"]
[BlackElo "2666"]
[Result "1/2-1/2"]
[Round "09"]
[TimeControl "180+1"]
[Date "2022.11.22"]
[WhiteClock "0:00:03"]
[BlackClock "0:00:16"]

1. Nf3 Nf6 2. g3 g6 3. Bg2 Bg7 4. O-O O-O 5. c4 d6 6. d4 Nc6 7. Nc3 a5 8. d5 Nb4 9. a3 Na6 10. Nd4 Nc5 11. b3 e5 12. dxe6 fxe6 13. Bb2 e5 14. Ndb5 Ne8 15. b4 Ne6 16. Ne4 Kh8 17. Qd2 Nf6 18. Rad1 Nxe4 19. Bxe4 Ng5 20. Bg2 Nh3+ 21. Bxh3 Bxh3 22. Rfe1 axb4 23. axb4 Qf6 24. f3 Qf7 25. Qc3 Be6 26. c5 d5 27. c6 d4 28. Qc1 b6 29. Nxd4 exd4 30. Bxd4 Rad8 31. Qe3 Bc4 32. Bxg7+ Qxg7 33. Rd7 Rxd7 34. cxd7 Bb5 35. Rc1 c5 36. bxc5 bxc5 37. Rxc5 Bxd7 38. Rc7 h5 39. Kf2 Rf7 40. Qc3 Qxc3 41. Rxc3 Kg7 42. h4 Be6 43. Rc6 Kf6 44. Rc2 Ra7 45. Ke3 Ra2 46. Rxa2 Bxa2 47. Kf4 Bb3 48. e4 Bd1 49. g4 Ke6 50. g5 Kd6 51. Ke3 Kc5 52. f4 Bc2 53. f5 gxf5 54. e5 Kd5 55. Kf4 Ke6 56. g6 Bb3 57. Kg5 Kxe5 58. Kxh5 Kf6 59. Kh6 f4 60. g7 f3 61. h5 f2 62. g8=Q Bxg8 1/2-1/2


[Site "https://www.chess.com"]

[Event "Titled Tuesday Blitz November 22 Early 2022"]
[White "Szyszylo, Rafal"]
[Black "Sargissyan, Sargis"]
[WhiteFideId "1109626"]
[BlackFideId "13303210"]
[WhiteElo "1981"]
[BlackElo "2109"]
[Result "1-0"]
[Round "09"]
[TimeControl "180+1"]
[Date "2022.11.23"]
[WhiteClock "0:00:32"]
[BlackClock "0:00:05"]

1. e4 e5 2. Nf3 Nc6 3. Bb5 a6 4. Ba4 Nf6 5. Qe2 Be7 6. O-O d6 7. c3 Bd7 8. d3 O-O 9. Bb3 Na5 10. Bc2 c5 11. Nbd2 Re8 12. Nc4 Bf8 13. h3 b5 14. Ne3 g6 15. Bd2 Bg7 16. b4 Nc6 17. Bb3 c4 18. Bc2 cxd3 19. Bxd3 Be6 20. a4 bxa4 21. Rxa4 d5 22. exd5 Nxd5 23. Nxd5 Bxd5 24. Bxa6 e4 25. Nh2 Qd6 26. Bb5 Rxa4 27. Bxa4 Ra8 28. Bb5 f5 29. Rc1 f4 30. Bc4 f3 31. Qxe4 Bxc4 32. Qxc4+ Kh8 33. Nxf3 Ne5 34. Nxe5 Bxe5 35. Be3 Rf8 36. Bd4 Rd8 37. Rd1 Re8 38. Bxe5+ Qxe5 39. Qd4 1-0


[Site "https://www.chess.com"]

[Event "Titled Tuesday Blitz November 22 Early 2022"]
[White "Tang, Andrew"]
[Black "Tanenbaum, Zachary"]
[WhiteFideId "2059630"]
[BlackFideId "2060850"]
[WhiteElo "2581"]
[BlackElo "2175"]
[Result "1-0"]
[Round "09"]
[TimeControl "180+1"]
[Date "2022.11.22"]
[WhiteClock "0:01:36"]
[BlackClock "0:01:31"]

1. d4 d5 2. Bf4 Nf6 3. e3 c5 4. dxc5 Nc6 5. Bb5 Bd7 6. c3 e6 7. b4 a5 8. Qb3 axb4 9. cxb4 Ne4 10. Nc3 Qf6 11. Nge2 b6 12. O-O bxc5 13. Nxe4 dxe4 14. bxc5 Be7 15. Rad1 e5 16. Bg3 Rb8 17. Rxd7 Kxd7 18. Qd5+ Kc7 19. Bxc6 Qxc6 20. Qxe5+ Kd7 21. Rd1+ 1-0


[Site "https://www.chess.com"]

[Event "Titled Tuesday Blitz November 22 Early 2022"]
[White "Thorhallsson, Simon"]
[Black "Kleiman, Jake"]
[WhiteFideId "2310090"]
[BlackFideId "2020041"]
[WhiteElo "2109"]
[BlackElo "2588"]
[Result "0-1"]
[Round "09"]
[TimeControl "180+1"]
[Date "2022.11.23"]
[WhiteClock "0:00:10"]
[BlackClock "0:00:07"]

1. Nf3 Nf6 2. d4 e6 3. e3 d5 4. Bd3 c5 5. b3 Nc6 6. Bb2 Be7 7. dxc5 Bxc5 8. O-O O-O 9. Nbd2 Qe7 10. a3 a5 11. Qe2 b6 12. e4 Bb7 13. e5 Nd7 14. g3 h6 15. Kg2 Rae8 16. Nh4 Bd4 17. Bxd4 Nxd4 18. Qg4 Qc5 19. Rfe1 Nxc2 20. Rec1 Nxa1 21. Rxc5 Nxc5 22. Bb1 Naxb3 23. Nxb3 Nxb3 24. Qd1 Nc5 25. Qc2 d4+ 26. Kh3 Be4 27. Qd1 Bxb1 28. Qxb1 d3 29. Nf3 Rd8 30. Nd2 Rb8 31. Qb5 Rfd8 32. Kg2 h5 33. h4 Rd5 34. Qc6 b5 35. Qc7 Ra8 36. Qc6 Rb8 37. Qc7 Rbd8 38. Qxa5 g6 39. Qxb5 Ne4 40. Qb4 Nxd2 41. Qxd2 Rxe5 42. Kf3 Re2 43. Qd1 Ra2 44. a4 d2 45. Ke2 Ra3 46. f3 Rc3 47. a5 Rc1 48. Qxd2 Rxd2+ 49. Kxd2 Ra1 50. a6 Rxa6 0-1


[Site "https://www.chess.com"]

[Event "Titled Tuesday Blitz November 22 Early 2022"]
[White "Unat, Can Haktan"]
[Black "Erdogdu, Mert"]
[WhiteFideId "6398073"]
[BlackFideId "6301495"]
[WhiteElo "2146"]
[BlackElo "2413"]
[Result "1-0"]
[Round "09"]
[TimeControl "180+1"]
[Date "2022.11.22"]
[WhiteClock "0:00:31"]
[BlackClock "0:00:03"]

1. e4 c5 2. Nf3 d6 3. Bb5+ Nc6 4. O-O Bd7 5. c3 Nf6 6. Re1 a6 7. Ba4 b5 8. Bc2 Bg4 9. h3 Bh5 10. b4 e5 11. a4 Be7 12. axb5 axb5 13. Rxa8 Qxa8 14. Qe2 cxb4 15. g4 Bg6 16. Qxb5 O-O 17. Ba4 Rc8 18. d3 bxc3 19. Nxc3 Nd4 20. Nxd4 Rxc3 21. Nc6 Bf8 22. Bd2 Rc5 23. Qb8 Qxb8 24. Nxb8 d5 25. g5 Nh5 26. Nd7 Rc8 27. Nxf8 Rxf8 28. exd5 Rd8 29. Rxe5 Bxd3 30. d6 f6 31. Re8+ Rxe8 32. Bxe8 Bg6 33. Bxg6 hxg6 34. d7 1-0


[Site "https://www.chess.com"]

[Event "Titled Tuesday Blitz November 22 Early 2022"]
[White "Urazayev, Arystanbek"]
[Black "Sarana, Alexey"]
[WhiteFideId "13709810"]
[BlackFideId "24133795"]
[WhiteElo "2441"]
[BlackElo "2708"]
[Result "0-1"]
[Round "09"]
[TimeControl "180+1"]
[Date "2022.11.22"]
[WhiteClock "0:00:05"]
[BlackClock "0:00:08"]

1. d4 Nf6 2. c4 e6 3. Nf3 d5 4. Nc3 Nbd7 5. Qc2 dxc4 6. e4 c5 7. dxc5 Bxc5 8. Bxc4 Qc7 9. Qe2 Ng4 10. O-O Nde5 11. Nxe5 Nxe5 12. Bf4 O-O 13. Nb5 Qb8 14. b4 Be7 15. a3 Bd7 16. Rfd1 Rd8 17. Nd4 Bf6 18. Rac1 a5 19. b5 Qa7 20. Be3 Nxc4 21. Rxc4 Qb8 22. a4 Be8 23. Nf3 Rxd1+ 24. Qxd1 b6 25. h4 Bd8 26. Qc1 Qb7 27. Bf4 f6 28. Bc7 Be7 29. e5 Bc5 30. Bd6 Bxd6 31. exd6 Rd8 32. Rd4 e5 33. Qc7 Rd7 34. Qxb7 Rxb7 35. Rc4 Kf7 36. Rc8 Bd7 37. Rh8 h6 38. h5 Bg4 39. Nd2 Ke6 40. Nc4 Bxh5 41. Rc8 Kd5 42. Rc6 Be8 43. Ne3+ Ke6 44. Rc8 Bd7 45. Rg8 Kxd6 46. Rxg7 Kc5 47. Rf7 Kb4 48. Rxf6 Kxa4 49. Rxh6 Kxb5 50. Rh5 a4 51. Rxe5+ Kb4 52. Nd5+ Kc4 53. Ne3+ Kb3 54. Rd5 a3 55. Rd3+ Ka4 56. Nc2 a2 57. Ra3+ Kb5 58. Rxa2 Kc4 59. Ne3+ Kd3 60. Ra3+ Kd4 61. Ra1 b5 62. g4 b4 63. Rd1+ Kc3 64. Rc1+ Kd2 65. Rc5 b3 66. Nc4+ Kd3 67. Nb2+ Kd4 68. Rc4+ Kd5 69. f3 Be6 70. Rc3 Kd4 71. Rd3+ Kc5 72. Kf2 Kb4 73. Re3 Bg8 74. Kg3 Ka3 75. Re2 Bh7 76. Nc4+ Kb4 77. Nb2 Bc2 78. Re4+ Bxe4 79. fxe4 Kc3 80. Na4+ Kd4 81. Kf4 Rf7+ 82. Kg5 Ra7 83. Nb2 Ra2 84. Nd1 Rd2 85. Kf6 Rxd1 86. g5 Rf1+ 0-1


[Site "https://www.chess.com"]

[Event "Titled Tuesday Blitz November 22 Early 2022"]
[White "Vaishali, Rameshbabu"]
[Black "Timofeev, Artyom"]
[WhiteFideId "5091756"]
[BlackFideId "4140419"]
[WhiteElo "2351"]
[BlackElo "2586"]
[Result "1-0"]
[Round "09"]
[TimeControl "180+1"]
[Date "2022.11.22"]
[WhiteClock "0:00:05"]
[BlackClock "0:00:45"]

1. Nf3 Nf6 2. g3 g6 3. Bg2 Bg7 4. O-O O-O 5. d4 d5 6. c4 dxc4 7. Na3 c6 8. Nxc4 Be6 9. b3 Bd5 10. Bb2 Nbd7 11. Rc1 a5 12. Nfe5 Bxg2 13. Kxg2 Ne4 14. Nxd7 Qxd7 15. Nb6 Qe6 16. Nxa8 Rxa8 17. f3 Nd6 18. e4 a4 19. Rf2 axb3 20. axb3 Qd7 21. d5 cxd5 22. Qxd5 e6 23. Qd3 Bxb2 24. Rxb2 Qe7 25. Rd2 Ne8 26. Qd7 Qb4 27. Rc4 Qxb3 28. Rc8 Rxc8 29. Qxc8 Kf8 30. Qc5+ Kg7 31. Rd8 Qa2+ 32. Kh3 Qa4 33. Qd4+ Nf6 34. Qxa4 1-0


[Site "https://www.chess.com"]

[Event "Titled Tuesday Blitz November 22 Early 2022"]
[White "Vakhlamov, Igor L."]
[Black "Shuvalov, Evgenij"]
[WhiteFideId "24126748"]
[BlackFideId "4187237"]
[WhiteElo "2401"]
[BlackElo "2049"]
[Result "1-0"]
[Round "09"]
[TimeControl "180+1"]
[Date "2022.11.23"]
[WhiteClock "0:00:52"]
[BlackClock "0:00:43"]

1. e4 e6 2. d4 d5 3. Nc3 Bb4 4. exd5 exd5 5. Bd3 Nc6 6. Nf3 Bg4 7. O-O Nge7 8. h3 Bh5 9. a3 Bxc3 10. bxc3 Bg6 11. Re1 O-O 12. a4 Re8 13. Ba3 a6 14. c4 Bxd3 15. Qxd3 dxc4 16. Qxc4 Qd5 17. Qd3 Ng6 18. c4 Qd7 19. Bb2 Rxe1+ 20. Rxe1 Re8 21. Rxe8+ Qxe8 22. d5 Nce5 23. Nxe5 Nxe5 24. Qe2 f6 25. f4 Qxa4 26. fxe5 fxe5 27. Qxe5 Qd7 28. c5 a5 29. c6 bxc6 30. dxc6 Qf7 31. Qxa5 h6 32. Qe5 Kh7 33. Kh2 Kg8 34. Bd4 Kh7 35. Be3 Kg8 36. Bf4 1-0


[Site "https://www.chess.com"]

[Event "Titled Tuesday Blitz November 22 Early 2022"]
[White "Valle Maytin, Luis Enrique"]
[Black "Topalov, Aleksandar"]
[WhiteFideId "3503666"]
[BlackFideId "925659"]
[WhiteElo "2225"]
[BlackElo "2179"]
[Result "1-0"]
[Round "09"]
[TimeControl "180+1"]
[Date "2022.11.23"]
[WhiteClock "0:00:42"]
[BlackClock "0:00:06"]

1. e4 e6 2. d4 d5 3. Bd3 dxe4 4. Bxe4 Nf6 5. Bf3 c5 6. c3 Nc6 7. Ne2 e5 8. Bxc6+ bxc6 9. Qa4 exd4 10. cxd4 Qb6 11. O-O Ba6 12. Re1 Be7 13. Nbc3 O-O 14. dxc5 Bxc5 15. Qf4 Rfe8 16. Qg3 Ne4 17. Nxe4 Rxe4 18. Bh6 Qxb2 19. Reb1 Qf6 20. Bg5 Qd6 21. Bf4 Qe7 22. Nc3 Re6 23. Rd1 h6 24. h4 Re8 25. Kh2 Bb6 26. Bd6 Qf6 27. Rac1 Qxf2 28. Qxf2 Bxf2 29. Bf4 Bxh4 30. Rd7 R6e7 31. Rcd1 Bf6 32. Na4 Bb5 33. Nc5 Rxd7 34. Rxd7 Re2 35. Rxa7 Rc2 36. Nd7 Bd4 37. Ra8+ Kh7 38. Ne5 Bf1 39. Nf3 Rxg2+ 40. Kh1 Rg1+ 41. Nxg1 1-0


[Site "https://www.chess.com"]

[Event "Titled Tuesday Blitz November 22 Early 2022"]
[White "Van Osch, Mees"]
[Black "Omariev, Maksim"]
[WhiteFideId "1035967"]
[BlackFideId "4193423"]
[WhiteElo "2324"]
[BlackElo "2416"]
[Result "1-0"]
[Round "09"]
[TimeControl "180+1"]
[Date "2022.11.23"]
[WhiteClock "0:01:16"]
[BlackClock "0:00:46"]

1. e4 c5 2. Nf3 d6 3. d4 cxd4 4. Nxd4 Nf6 5. Nc3 a6 6. Nb3 e6 7. g4 Be7 8. g5 Nfd7 9. h4 b5 10. f4 Bb7 11. Bg2 b4 12. Ne2 a5 13. Be3 a4 14. Nbd4 Qa5 15. Ng3 b3+ 16. c3 bxa2 17. O-O g6 18. f5 gxf5 19. exf5 Bxg2 20. Kxg2 e5 21. Nc2 f6 22. Qh5+ Kd8 23. Nb4 Na6 24. Nc6+ Kc7 25. Nxa5 Nac5 26. Nc4 d5 27. Qf7 dxc4 28. Qxe7 Nd3 29. Ne4 Ra6 30. Nxf6 Rd8 31. Rxa2 Kc8 32. Nxd7 Rxd7 33. Qe8+ Kc7 34. f6 Rd8 35. Qf7+ Rd7 36. Qxc4+ Rc6 37. Qxc6+ Kxc6 38. f7 Nf4+ 39. Rxf4 exf4 40. f8=Q fxe3 41. Qf3+ Kb5 42. Qf5+ Kc6 43. Qxd7+ Kxd7 44. Kf3 h5 45. Kxe3 a3 46. Rxa3 Ke6 47. Ra4 Kf5 48. Rf4+ Kg6 49. Rf6+ Kh7 50. c4 Kg7 51. c5 Kh7 52. c6 Kg7 53. b3 Kh8 54. b4 Kg7 55. b5 Kg8 56. b6 Kg7 57. c7 Kg8 58. b7 Kg7 59. Kf4 Kh7 60. Kf5 Kg7 61. Ke6 Kh7 62. Kf7 Kh8 63. Kg6 Kg8 64. c8=Q# 1-0


[Site "https://www.chess.com"]

[Event "Titled Tuesday Blitz November 22 Early 2022"]
[White "Vifleemskaia, Svetlana"]
[Black "Rosh Jain"]
[WhiteFideId "4129490"]
[BlackFideId "25789465"]
[WhiteElo "1929"]
[BlackElo "2233"]
[Result "1-0"]
[Round "09"]
[TimeControl "180+1"]
[Date "2022.11.23"]
[WhiteClock "0:00:09"]
[BlackClock "0:00:07"]

1. d4 Nf6 2. c4 e6 3. Nc3 d5 4. cxd5 exd5 5. Bg5 c6 6. e3 Be7 7. Bd3 Nbd7 8. Nf3 O-O 9. O-O h6 10. Bf4 Re8 11. h3 Nf8 12. Ne5 Ne6 13. Bh2 Nd7 14. f4 Bf6 15. Rb1 a5 16. Qh5 Qe7 17. Kh1 Ndf8 18. Na4 g6 19. Qf3 Ng7 20. g4 Nfe6 21. Nb6 Rb8 22. Kg2 Qd8 23. Nxc8 Rxc8 24. Bg3 c5 25. Bb5 Re7 26. h4 cxd4 27. f5 Rc2+ 28. Kh3 Nc5 29. exd4 Ne4 30. fxg6 Nxg3 31. gxf7+ Kf8 32. Qxg3 Bxe5 33. dxe5 Qc7 34. Bd3 Rd2 35. Bg6 Rxe5 36. Rf3 Ne6 37. Re1 Nf4+ 38. Qxf4 Rf5 39. Qxc7 Rxf3+ 40. Qg3 Rxg3+ 41. Kxg3 Rd3+ 42. Kf4 Rd4+ 43. Kf5 Re4 44. Rxe4 dxe4 45. Kxe4 h5 46. Kf5 hxg4 47. Kxg4 b5 48. Kg5 a4 49. h5 a3 50. h6 axb2 51. h7 b1=Q 52. Bxb1 Kg7 53. f8=Q+ Kxf8 54. h8=Q+ Ke7 55. Qb2 Kd6 56. Qxb5 Ke7 57. a4 Kf8 58. a5 Kg7 59. a6 Kg8 60. a7 Kg7 61. a8=Q Kf7 62. Qf3+ Kg7 63. Qf6+ Kg8 64. Qe8# 1-0


[Site "https://www.chess.com"]

[Event "Titled Tuesday Blitz November 22 Early 2022"]
[White "Weetik, Vjacheslav"]
[Black "Kvaloy, Aksel Bu"]
[WhiteFideId "4153472"]
[BlackFideId "1528815"]
[WhiteElo "2469"]
[BlackElo "2184"]
[Result "0-1"]
[Round "09"]
[TimeControl "180+1"]
[Date "2022.11.23"]
[WhiteClock "0:00:02"]
[BlackClock "0:00:32"]

1. d4 Nf6 2. Nf3 e6 3. c4 d5 4. g3 dxc4 5. Bg2 c6 6. O-O b5 7. Ne5 Bb7 8. b3 cxb3 9. Qxb3 Qxd4 10. Bb2 Qb4 11. Qc2 Qc5 12. Qb3 Qb4 13. Qc2 Qc5 14. Qd3 Be7 15. Nd2 O-O 16. Ne4 Nxe4 17. Bxe4 f5 18. Bg2 Bf6 19. Rac1 Qe7 20. Rfd1 Rd8 21. Qb3 Bxe5 22. Bxe5 Na6 23. Rxd8+ Rxd8 24. Bxc6 Rc8 25. Qxb5 Nb4 26. Bxb7 Rxc1+ 27. Kg2 Nxa2 28. Bf3 Rc8 29. Qa6 Rc2 30. Qa4 Nb4 31. Qb5 Rc8 32. Qa5 a6 33. Qb6 Kf7 34. Bd6 Rc6 35. Qxc6 Nxc6 36. Bxe7 Nxe7 37. Bb7 a5 38. Kf3 e5 39. Ke3 Ke6 40. Kd3 Kd6 41. Kc4 Nc6 42. Kb5 Nd4+ 43. Kxa5 Nxe2 44. Kb4 e4 45. Kc4 Ke5 46. Bd5 g5 47. Bg8 h5 48. Bf7 h4 49. Be8 h3 50. Bc6 g4 0-1


[Site "https://www.chess.com"]